 Dungeon Crawl Stone Soup version 0.20.0-15-g7f486f2 (webtiles) character file.

97 dobroeutro the Chopper (level 4, -5/35 HPs)
             Began as a Demonspawn Fighter on June 21, 2017.
             Killed by divine providence
             ... invoked by an orc priest
              (14 damage)
             ... on level 4 of the Dungeon.
             The game lasted 00:02:27 (2075 turns).

dobroeutro the Chopper (Demonspawn Fighter)         Turns: 2075, Time: 00:02:29

Health: -5/35      AC:  8    Str: 17    XL:     4   Next: 42%
Magic:  4/4        EV:  6    Int:  9    God:
Gold:   83         SH:  8    Dex: 13    Spells: 3/3 levels left

rFire    . . .     SeeInvis .   a - +0 war axe
rCold    . . .     Gourm    .   c - +0 shield
rNeg     . . .     Faith    .   b - +0 scale mail
rPois    .         Spirit   .   (no helmet)
rElec    .         Reflect  .   (no cloak)
rCorr    .         Harm     .   (no gloves)
MR       .....                  (no boots)
Stlth    ..........             (no amulet)
Regen    0.2/turn               (no ring)
MPRegen  0.1/turn               (no ring)

@: no status effects
A: hooves 1, slimy green scales 1, rot immunity
a: no special abilities


You were on level 4 of the Dungeon.
You were hungry.

You visited 1 branch of the dungeon, and saw 4 of its levels.

You collected 83 gold pieces.

Inventory:

Hand Weapons
 a - a +0 war axe (weapon)
Armour
 b - a +0 scale mail (worn)
 c - a +0 shield (worn)
Jewellery
 n - an uncursed amulet of the gourmand
Scrolls
 e - a scroll of identify {unknown}
 g - 3 scrolls of blinking {unknown}
 h - a scroll of immolation {unknown}
 j - 2 scrolls of noise {unknown}
 k - 3 scrolls of remove curse {unknown}
 q - a scroll of fog {unknown}
 t - a scroll of enchant weapon {unknown}
Potions
 d - 2 potions of might
 l - a potion of magic {unknown}
 m - 3 potions of heal wounds {unknown}
 o - a potion of cancellation {unknown}
 p - 2 potions of curing {unknown}
 r - a potion of degeneration {unknown}
 s - a potion of haste {unknown}
Comestibles
 f - 4 bread rations
 i - 4 meat rations
 u - a royal jelly


   Skills:
 - Level 3.0 Fighting
 + Level 4.3 Axes
 - Level 2.6 Armour
 - Level 2.6 Shields


You had 3 spell levels left.
You didn't know any spells.

Dungeon Overview and Level Annotations

Branches:
Dungeon (4/15)
 Temple: D:4-7

Altars:
Ru

Annotations:
D:4 Sigmund


Innate Abilities, Weirdness & Mutations

You have large cloven feet.
You are partially covered in slimy green scales. (AC +2)
You are immune to rotting.


Message History

The orc priest mumbles some strange prayers to Beogh against you.
Beogh smites you!
An orc wizard comes into view. It is wielding a dagger.
You hit the orc priest.
The orc priest is heavily wounded.
You block the orc priest's attack.
The orc priest mumbles some strange prayers to Beogh against you.
Beogh smites you!
* * * LOW HITPOINT WARNING * * *
You are too injured to fight recklessly!
You are too injured to fight recklessly!
You are too injured to fight recklessly!
Unknown command.
You closely miss the orc priest.
You kick the orc priest, but do no damage.
The orc priest is heavily wounded.
You hit the orc.
The orc priest calls down the wrath of Beogh upon you.
Beogh smites you!
You die...

#.#.# ##)#.#
#....# #..###
#..# #..#####
#......#
#.####.#######
#.....@o.o.o.o
######o#######
#.# #.# #..
###


You could see 2 orc priests, an orc wizard and 2 orcs.

Vanquished Creatures
  A bullfrog skeleton (D:4)
  An adder (D:3)
  An ooze (D:1)
  2 dart slugs
  3 orcs
  4 bats
  A giant cockroach (D:1)
  6 goblins
  11 hobgoblins
  2 jackals (D:3)
  4 kobolds
  A quokka (D:2)
  7 frilled lizards
  2 rats
  A bush (D:1)
47 creatures vanquished.

Notes
Turn   | Place    | Note
-------+----------+-------------------------------------------
     0 | D:1      | dobroeutro the Demonspawn Fighter began the quest for the Orb.
     0 | D:1      | Reached XP level 1. HP: 18/18 MP: 1/1
    74 | D:1      | Reached skill level 2 in Axes
    82 | D:1      | Gained mutation: You are partially covered in slimy green scales. (AC +2) [demonic ancestry]
    82 | D:1      | Reached XP level 2. HP: 22/24 MP: 2/2
   359 | D:1      | Reached skill level 3 in Axes
   822 | D:2      | Found a sacrificial altar of Ru.
   924 | D:2      | Gained mutation: You are immune to rotting. [demonic ancestry]
   924 | D:2      | Reached XP level 3. HP: 29/29 MP: 3/3
  1754 | D:4      | Noticed Sigmund
  1857 | D:4      | Reached skill level 4 in Axes
  1857 | D:4      | Gained mutation: You have large cloven feet. [demonic ancestry]
  1857 | D:4      | Reached XP level 4. HP: 11/35 MP: 4/4
  1973 | D:4      | Noticed an ogre
  2075 | D:4      | Killed from afar by an orc priest

Skill      XL: |  1  2  3 |
---------------+----------+-----
Axes           | 2 3 4 |  4.3
Fighting       | |  3.0
Armour         | |  2.6
Shields        | |  2.6

Action                   |  1- 3 |  4- 6 || total
-------------------------+-------+-------++-------
Melee: War axe           |   185 |     6 ||   191
       Kick              |       |     3 ||     3
  Eat: Chunk             |     3 |     1 ||     4
Armor: Scale mail        |    52 |     1 ||    53
Dodge: Dodged            |    31 |       ||    31
Block: Shield            |    57 |     3 ||    60
